 Dungeon Crawl Stone Soup version 0.31-a0-833-gc15d34cb79 (webtiles) character file.

Game seed: 15542957272777432444

543 javelincjr the Changeling (level 7, -7/52 HPs)
             Began as a Demonspawn Shapeshifter on Sept 25, 2023.
             Was an Initiate of Qazlal.
             Killed by divine providence
             ... invoked by an orc priest
              (11 damage)
             ... on level 5 of the Dungeon.
             The game lasted 00:09:07 (4034 turns).

javelincjr the Changeling (Demonspawn Shapeshifter) Turns: 4034, Time: 00:09:07

Health: -7/52      AC:  8    Str: 18    XL:     7   Next: 6%
Magic:  7/7        EV: 14    Int:  7    God:    Qazlal [......]
Gold:   252        SH:  0    Dex: 20    Spells: 6/6 levels left

rFire   x . .        b - +4 whip of a Million Ships {freeze, rElec rPois rF- Str+3 Int-4}
rCold   . . .        (no shield)
rNeg    . . .        A - +0 animal skin
rPois   +            (helmet currently unavailable)
rElec   +            (cloak currently unavailable)
rCorr   .            (gloves currently unavailable)
SInv    .            (boots currently unavailable)
Will    .....        (no amulet)
Stlth   ++           e - +6 ring of dexterity
HPRegen 0.28/turn    (no ring)
MPRegen 0.10/turn

%: no passive effects
@: lethally poisoned (-7 -> -13), beast-form, sanguine armoured
A: beast (slay +2), hooves 1, sanguine armour 1
a: Begin Untransformation, Renounce Religion


You were on level 5 of the Dungeon.
You worshipped Qazlal.
Qazlal was noncommittal.
You were a hulking beast.
You visited 2 branches of the dungeon, and saw 6 of its levels.

You collected 252 gold pieces.

Inventory:

Hand Weapons
 a - the +5 sling "Fogaeta" {flame, Str+2}
   (You found it on level 4 of the Dungeon)

   Str+2:     It affects your strength (+2).
 b - the +4 whip of a Million Ships (weapon) {freeze, rElec rPois rF- Str+3 Int-4}
   (You found it on level 2 of the Dungeon)

   Str+3:     It affects your strength (+3).
   Int-4:     It affects your intelligence (-4).
   rF-:       It makes you vulnerable to fire.
   rElec:     It insulates you from electricity.
   rPois:     It protects you from poison
Missiles
 t - 5 boomerangs (quivered)
Armour
 x - a +0 pair of boots
 A - a +0 animal skin (worn)
Jewellery
 e - a +6 ring of dexterity (left hand)
 v - a ring of magical power
Talismans
 c - a beast talisman (active)
 d - a flux talisman
Wands
 o - a wand of iceblast (6)
Scrolls
 g - 2 scrolls of poison {unknown}
 h - a scroll of fear {unknown}
 i - a scroll of enchant weapon {unknown}
 j - 5 scrolls of enchant armour {unknown}
 m - a scroll of teleportation {unknown}
 n - a scroll of noise {unknown}
 r - 2 scrolls of identify {unknown}
 u - a scroll of brand weapon {unknown}
Potions
 f - a potion of might {unknown}
 k - 5 potions of lignification
 l - a potion of ambrosia {unknown}
 p - a potion of enlightenment {unknown}
 s - a potion of attraction {unknown}
 w - 2 potions of curing {unknown}
 z - 2 potions of haste {unknown}


   Skills:
 + Level 3.4 Fighting
 + Level 3.6 Dodging
 + Level 4.1 Unarmed Combat
 * Level 4.4 Shapeshifting


You had 6 spell levels left.
You didn't know any spells.
Your spell library contained the following spells:

 Spells                   Type           Power      Damage    Failure   Level
 Magic Dart               Conj           0%         1d3       43%         1
 Call Imp                 Summ           0%         N/A       56%         2
 Searing Ray              Conj           0%         2d4       56%         2
 Sublimation of Blood     Necr           0%         N/A       56%         2
 Mephitic Cloud           Conj/Pois/Air  0%         N/A       80%         3
 Tukima's Dance           Hex            0%         N/A       80%         3
 Dimensional Bullseye     Hex/Tloc       0%         N/A       99%         4
 Fulminant Prism          Conj/Hex       0%         3d5       99%         4
 Iskenderun's Mystic Bla  Conj/Tloc      0%         2d3       99%         4
 Petrify                  Tmut/Erth      0%         N/A       99%         4
 Irradiate                Conj/Tmut      0%         3d11      100%        5


Dungeon Overview and Level Annotations

Branches:
Dungeon (5/15)             Temple (1/1) D:4

Altars:
Cheibriados
Dithmenos
Fedhas
Makhleb
Nemelex Xobeh
Okawaru
Qazlal
Ru
Sif Muna
Trog
Uskayaw
Vehumet
Yredelemnul

Annotations:
Temple 2 transporters


Innate Abilities, Weirdness & Mutations

You are a hulking beast.
Your limbs bulge with bestial killing power. (Slay +2)
You have large cloven feet.
When seriously injured, your blood forms armour. (AC +6)


Message History

The gnoll misses you.
An orc priest comes into view. It is wielding a +0 hand axe.
You hit the gnoll. You freeze the gnoll. You kick the gnoll.
You kill the gnoll!
Qazlal accepts your kill.
The gnoll hits you from afar with a +0 spear.
You hear some strange, mumbled words.
Something tries to affect you, but you resist.
The gnoll closely misses you.
You barely miss the orc. The orc hits you with a +0 club.
Your blood congeals into armour.
The gnoll hits you from afar with a +0 spear.
The gnoll misses you.
An orc comes into view. It is wielding a +0 dagger.
You closely miss the orc. The gnoll closely misses you. The orc misses you.
The gnoll hits you but does no damage.
You hear some strange, mumbled words.
A magic dart appears from out of thin air!
The magic dart hits you.
The orc priest miscasts a cantrip.
The orc barely misses you. The gnoll hits you but does no damage.
You hit something but do no damage. Your kick misses something.
The gnoll hits you from afar with a +0 spear.
Something hits you but does no damage.
The orc priest looks braver for a moment.
The gnoll misses you. The orc barely misses you.
You miss something. You kick something. The gnoll barely misses you.
You hear some strange, mumbled words.
A magic dart appears from out of thin air!
The magic dart hits you.
The orc priest mumbles some strange prayers to Beogh against you.
Beogh smites you!
* * * LOW HITPOINT WARNING * * *
The gnoll closely misses you. The orc completely misses you.
Something hits you.
* * * LOW HITPOINT WARNING * * *
You are lethally poisoned!
The orc priest invokes the aid of Beogh against you.
Beogh smites you!
You die...

...##.....##.......##.....
.# .........#.#.#........
. #...#.#.#...#.#.#...#
...#.#.#...........#.#.#
.##.......##.....##......
...o..#...............#..
.#.). #....#.###.#....#..
.....o#{..............#..
#..gg.h.##.....##......
....#g#o#...........#.#.#
#. #...#.#.#...#.#.#...#
.........#.#.#........
##.....##.......##.....
........ ...#..........
..#.###.#....#....#.###.
.... ......#..........
#.......##.....


You could see an orc priest, 3 gnolls and an orc.

Vanquished Creatures
  Grinder (D:5)
  A bullfrog (D:5)
  A scorpion (D:4)
  A hound (D:5)
  An iguana (D:5)
  A gnoll (D:5)
  3 adders
  A white imp (D:5)
  4 dart slugs
  8 orcs
  5 ball pythons
  10 bats
  6 endoplasms
  3 giant cockroaches
  11 goblins
  11 hobgoblins
  4 jackals (D:2)
  5 quokkas
  4 frilled lizards
  11 kobolds
  2 rats (D:3)
94 creatures vanquished.

Notes
Turn   | Place    | Note
-------+----------+-------------------------------------------
     0 | D:1      | javelincjr the Demonspawn Shapeshifter began the quest for
                  | the Orb.
     0 | D:1      | Reached XP level 1. HP: 15/15 MP: 1/1
    15 | D:1      | You fall into a shaft and drop 1 floor!
   131 | D:1      | Gained mutation: When seriously injured, your blood forms
                  | armour. (AC +6) [demonic ancestry]
   131 | D:1      | Reached XP level 2. HP: 21/21 MP: 2/2
   643 | D:1      | Gained mutation: You have large cloven feet. [demonic
                  | ancestry]
   643 | D:1      | Reached XP level 3. HP: 26/26 MP: 3/3
   936 | D:2      | Identified the +4 whip of a Million Ships {freeze, rElec
                  | rPois rF- Str+3 Int-4}
  1081 | D:2      | Found a faded altar of an unknown god.
  1899 | D:3      | Reached XP level 4. HP: 33/33 MP: 4/4
  2919 | D:4      | Identified the +5 sling "Fogaeta" {flame, Str+2}
  3110 | D:4      | Noticed a scorpion
  3115 | D:4      | Killed a scorpion
  3116 | D:4      | Reached XP level 5. HP: 33/39 MP: 5/5
  3395 | D:4      | Found a staircase to the Ecumenical Temple.
  3545 | Temple   | Found a transporter.
  3545 | Temple   | Found a transporter.
  3545 | Temple   | Found a transporter.
  3545 | Temple   | Found a transporter.
  3545 | Temple   | Entered the Ecumenical Temple
  3560 | Temple   | Became a worshipper of Qazlal Stormbringer
  3699 | D:5      | Entered Level 5 of the Dungeon
  3699 | D:5      | Noticed Grinder
  3703 | D:5      | Paralysed by Grinder for 2 turns
  3713 | D:5      | Killed Grinder
  3714 | D:5      | Reached XP level 6. HP: 6/47 MP: 6/6
  3915 | D:5      | Reached XP level 7. HP: 52/52 MP: 7/7
  3943 | D:5      | Found a shimmering blue altar of Sif Muna.
  4034 | D:5      | Killed from afar by an orc priest

Illustrated notes

Levels and vault maps discovered:
D:1:      dpeg_arrival_rooms_a, layout_loops_ring
D:2:      layout_basic, ebering_ecumenical_altar_sacrificial, dk_noncrumbling_4,
          minmay_crystal_room
D:3:      minmay_diamond_boxcup, layout_basic
D:4:      layout_basic, tso_altar, temple_hall, kennysheep_diamond,
          grunt_ministairs_8, kennysheep_cross_bottleneck
D:5:      nicolae_cairo_tiling_large_dashed, layout_basic,
          mainiacjoe_overflow_boulevard, uniq_grinder
Temple:   hellmonk_temple_divided_pantheon

Skill      XL: |  1  2  3  4  5 |
---------------+----------------+-----
Dodging        | 2 3 |  3.6
Unarmed Combat | 3 4 |  4.1
Shapeshifting  | 3 4 |  4.4
Fighting       | 2 3 |  3.4

Action                     |  1- 3 |  4- 6 |  7- 9 || total
---------------------------+-------+-------+-------++-------
  Melee: Unarmed           |    74 |       |       ||    74
         Punch             |     2 |       |       ||     2
         Whip              |    42 |    70 |     6 ||   118
         Kick              |    11 |    15 |     2 ||    28
   Fire: Sling             |       |    14 |     4 ||    18
  Throw: Boomerang         |       |     4 |       ||     4
  Evoke: Wand              |       |     4 |       ||     4
   Stab: Sleeping          |     3 |     7 |       ||    10
 Armour: Animal skin       |    48 |    40 |    13 ||   101
  Dodge: Dodged            |    74 |    51 |    12 ||   137

Table legend: (Time is in decaauts)
 A = Elapsed time spent in this place.
 B = Non-inter-level travel time spent in this place.
 C = Inter-level travel time spent in this place.
 D = Time resting spent in this place.
 E = Time spent auto-exploring this place.
 F = Levels seen in this place.
 G = Mean time per level.
                   A        B        C        D        E       F      G
               +--------+--------+--------+--------+--------+-----+--------+
         Total |   4046 |   3860 |    186 |    146 |   3141 |   6 |  674.3 |
       Dungeon |   4012 |   3850 |    162 |    146 |   3141 |   5 |  802.4 |
        Temple |     34 |     10 |     24 |      0 |      0 |   1 |   34.0 |
               +--------+--------+--------+--------+--------+-----+--------+

Top non-repeatable levels by time:
     D:4: 1153 daAuts
     D:3: 940 daAuts
     D:2: 839 daAuts
     D:1: 737 daAuts
     D:5: 342 daAuts
  Temple: 34 daAuts
